 Dungeon Crawl Stone Soup version 0.26.1-11-gd32895ea62 (webtiles) character file.

Game seed: 3249623086546848100

2553 eagelman13508 the Basher (level 9, -3/80 HPs)
             Began as a Troll Berserker on June 15, 2021.
             Was a High Priest of Trog.
             Slain by Erica
             ... wielding a +3 scimitar of flaming
              (11 damage)
             ... on level 7 of the Dungeon on June 16, 2021.
             The game lasted 00:58:46 (6000 turns).

eagelman13508 the Basher (Troll Berserker)          Turns: 6000, Time: 00:58:46

Health: -3/80      AC:  9    Str: 30    XL:     9   Next: 31%
Magic:  8/8        EV: 10    Int:  3    God:    Trog [*****.]
Gold:   233        SH:  0    Dex:  9    Spells: 8/8 levels left

rFire    . . .     SeeInvis .   w - +3 mace (vorpal)
rCold    + . .     Faith    .   (no shield)
rNeg     . . .     Spirit   .   L - +0 robe (curse)
rPois    .         Reflect  .   (helmet restricted)
rElec    .         Harm     .   r - +0 cloak
rCorr    .         Rampage  .   (gloves unavailable)
Will     .....                  (boots unavailable)
Stlth    +.........             y - amulet of the acrobat
HPRegen  0.63/turn              h - ring of protection from cold
MPRegen  0.11/turn              (no ring)

@: berserk cooldown, slowed, very slow
A: large, unfitting armour, claws 3, icy blue scales 1, mutation resistance 1,
regeneration 1, shaggy fur 1, tough skin 3
a: Renounce Religion, Berserk, Trog's Hand, Brothers in Arms


You were on level 7 of the Dungeon.
You worshipped Trog.
Trog was extremely pleased with you.
You visited 1 branch of the dungeon, and saw 8 of its levels.
You also visited: Ossuary.

You collected 376 gold pieces.
You spent 143 gold pieces at shops.

Inventory:

Hand Weapons
 a - a +0 giant spiked club
 w - a +3 vorpal mace (weapon)
 C - a +0 giant club
 F - a +0 dire flail
Missiles
 c - 328 stones
 p - 2 large rocks (quivered)
 q - 14 poisoned darts
 v - 5 boomerangs
Armour
 b - a +0 animal skin
 r - a +0 cloak (worn)
 L - a cursed +0 robe (worn)
Jewellery
 h - a ring of protection from cold (left claw)
 y - an amulet of the acrobat (around neck)
 I - an uncursed amulet of magic regeneration
Wands
 G - a wand of random effects (29)
Scrolls
 f - a scroll of amnesia {unknown}
 g - 3 scrolls of identify
 i - 2 scrolls of teleportation
 j - 5 scrolls of fog {unknown}
 k - 2 scrolls of remove curse
 o - a scroll of blinking {unknown}
 s - a scroll of magic mapping {unknown}
 u - 2 scrolls of enchant weapon {unknown}
 z - 4 scrolls of immolation
 A - 2 scrolls of noise {unknown}
Potions
 d - 2 potions of might {unknown}
 e - 2 potions of lignification {unknown}
 l - a potion of invisibility
 m - a potion of cancellation {unknown}
 n - 2 potions of curing
 t - 6 potions of heal wounds
 x - 2 potions of attraction {unknown}
 B - 3 potions of mutation
 D - 2 potions of flight {unknown}
 E - 2 potions of brilliance {unknown}
 H - 2 potions of ambrosia {unknown}
 J - a potion of haste
 K - a potion of magic {unknown}


   Skills:
 - Level 2.6 Fighting
 + Level 11.5 Maces & Flails
 + Level 1.3 Throwing
 - Level 2.7 Dodging


You had 8 spell levels left.
You didn't know any spells.
Your spell library was empty.

Dungeon Overview and Level Annotations

Branches:
Dungeon (8/15)             Temple (0/1) D:6         Ossuary (visited)
   Lair: D:8-11

Altars:
Elyvilon
Gozag
Hepliaklqana
Kikubaaqudgha
Makhleb
Okawaru
Qazlal
Ru
Sif Muna
Trog
Uskayaw
Wu Jian
Yredelemnul

Shops:
D:4 !   D:6 *

Annotations:
D:7 Erica


Innate Abilities, Weirdness & Mutations

You are too large for most types of armour.
You have claws for hands.
Your natural rate of healing is unusually fast.
You are covered in fur. (AC +1)
You have extremely tough skin. (AC +3)
You are partially covered in icy blue scales. (AC +2)
You are somewhat resistant to further mutation.


Message History

There is an open door here.
You are no longer berserk.
You are exhausted.
You feel yourself slow down.
You feel sick.
You feel better.
You hit Erica.
Erica is almost dead.
Erica screams, "Coming here was suicide!
For you!" Erica barely misses you. x2
You barely miss Erica.
Erica is almost dead.
Erica says, "I love to fight, but killing is better."
Erica hits you with a +3 scimitar of flaming.
* * * LOW HITPOINT WARNING * * *
Erica burns you.
* * * LOW HITPOINT WARNING * * *
You hit Erica.
Erica is almost dead.
Erica hits you with a +3 scimitar of flaming!
You die...

##........##..##..........# #.#
###.......#...##..........# #..
.##..............##...:...######.
..#......###.#...................
.(......## ###..####'#######'####
........### #.###.....###.....##
..........####.####.....###.....#
...............#.###.....###.....
.............>.#@.###.....###....
...............@...###.....###...
............^..#....####'######..
....)......#...#.....#.....#.###.
...............##....#.....#..###
#..............###...'.....')..##
###....#.......####..#..(..#....#
.##.<..###..##.#.###.#.....#.....
....#### ###...#..######'####....


You could see Erica.

Vanquished Creatures
  An orc warrior (D:6)
  3 ogres
  A black bear (D:6)
  3 phantoms
  4 centaurs
  A sky beast (D:6)
  2 bullfrogs
  A wyvern skeleton (D:7)
  A scorpion (D:7)
  A howler monkey (D:8)
  A human zombie (Ossuary)
  A hound (D:7)
  A quasit (D:6)
  Crazy Yiuf (D:2)
  A jelly (D:5)
  2 orc priests
  5 iguanas
  Jessica (D:2)
  2 bullfrog skeletons (D:4)
  A centaur skeleton (D:5)
  Terence (D:3)
  3 orc wizards
  8 worker ants
  3 big kobold zombies (Ossuary)
  A hound zombie (D:5)
  3 hound skeletons
  Robin (D:3)
  4 mummies (Ossuary)
  9 adders
  A shadow imp (D:6)
  3 white imps
  2 ufetubi (D:5)
  An ooze (D:4)
  An adder zombie (D:6)
  2 adder skeletons
  4 worms
  2 dart slugs
  6 leopard geckos
  12 orcs
  12 goblins
  11 hobgoblins
  9 jackals
  4 quokkas
  2 ball pythons (D:3)
  A ball python skeleton (D:4)
  A ball python zombie (D:6)
  7 bats
  3 frilled lizards
  7 giant cockroaches
  A hobgoblin zombie (Ossuary)
  9 kobolds
  A kobold zombie (Ossuary)
  2 orc zombies (Ossuary)
  8 rats
179 creatures vanquished.

Notes
Turn   | Place    | Note
-------+----------+-------------------------------------------
     0 | D:1      | eagelman13508 the Troll Berserker began the quest for the
                  | Orb.
     0 | D:1      | Reached XP level 1. HP: 22/22 MP: 0/0
   152 | D:1      | Reached XP level 2. HP: 27/29 MP: 1/1
   279 | D:1      | Reached skill level 3 in Maces & Flails
   643 | D:2      | Found a runed translucent door.
   644 | D:2      | Noticed Crazy Yiuf
   694 | D:2      | Reached XP level 3. HP: 36/36 MP: 2/2
  1209 | D:2      | Found an opulent altar of Gozag.
  1281 | D:2      | Noticed Jessica
  1284 | D:2      | Killed Jessica
  1284 | D:2      | Reached ** piety under Trog
  1285 | D:2      | Reached skill level 4 in Maces & Flails
  1285 | D:2      | Reached XP level 4. HP: 44/44 MP: 3/3
  1604 | D:2      | Killed Crazy Yiuf
  1655 | D:3      | Found a white marble altar of Elyvilon.
  1691 | D:3      | Reached XP level 5. HP: 6/50 MP: 4/4
  1748 | D:3      | Noticed Terence
  1758 | D:3      | Killed Terence
  1759 | D:3      | Reached skill level 5 in Maces & Flails
  1957 | D:3      | Found an iron altar of Okawaru.
  2548 | D:3      | Found a sacrificial altar of Ru.
  2563 | D:3      | Found a burning altar of Makhleb.
  2567 | D:3      | Found a basalt altar of Yredelemnul.
  2703 | D:3      | Noticed Robin
  2714 | D:3      | Killed Robin
  2941 | D:4      | Reached XP level 6. HP: 44/59 MP: 5/5
  3032 | D:4      | Reached skill level 6 in Maces & Flails
  3196 | D:4      | Reached *** piety under Trog
  3413 | D:4      | Found Rad Cago's Distillery.
  3425 | D:4      | Bought a potion of curing for 39 gold pieces
  3425 | D:4      | Bought a potion of invisibility for 104 gold pieces
  3612 | D:5      | Entered Level 5 of the Dungeon
  3692 | D:5      | Reached skill level 7 in Maces & Flails
  3692 | D:5      | Reached XP level 7. HP: 60/66 MP: 6/6
  3749 | D:5      | Found an ancient bone altar of Kikubaaqudgha.
  3860 | D:5      | Found a stormy altar of Qazlal.
  3931 | D:5      | Reached skill level 8 in Maces & Flails
  4096 | D:5      | Found a bloodstained altar of Trog.
  4118 | D:6      | Found a sand-covered staircase.
  4133 | D:6      | Found a staircase to the Ecumenical Temple.
  4169 | D:6      | Reached XP level 8. HP: 67/74 MP: 7/7
  4218 | Ossuary  | Entered an ossuary
  4337 | Ossuary  | Reached **** piety under Trog
  4348 | Ossuary  | Reached skill level 9 in Maces & Flails
  4555 | D:6      | Reached skill level 10 in Maces & Flails
  4694 | D:6      | Found an ornate altar of the Wu Jian Council.
  4768 | D:6      | Found Vairyur's General Store.
  4793 | D:6      | Reached skill level 1 in Throwing
  4923 | D:6      | Found a hide-covered altar of Uskayaw.
  4929 | D:6      | Reached XP level 9. HP: 80/80 MP: 8/8
  5151 | D:7      | Reached skill level 11 in Maces & Flails
  5361 | D:7      | Found a hazy altar of Hepliaklqana.
  5499 | D:7      | Reached ***** piety under Trog
  5612 | D:7      | Found a shimmering blue altar of Sif Muna.
  5956 | D:7      | Gained mutation: You are partially covered in icy blue
                  | scales. (AC +2) [potion of mutation]
  5956 | D:7      | Gained mutation: You are somewhat resistant to further
                  | mutation. [potion of mutation]
  5971 | D:8      | Noticed Erica
  6000 | D:7      | Slain by Erica

Illustrated notes

Levels and vault maps discovered:
D:1:      mrwooster_arrival_statue_2, layout_basic, minmay_tromino_v4_a
D:2:      layout_basic, lemuel_crystal_altar, uniq_jessica,
          uniq_crazy_yiuf_cottage
D:3:      layout_loops_ring, minmay_overflow_temple_star_quad,
          general_overflow_altar, okawaru_metal_pillars_1_2, uniq_robin,
          uniq_terence
D:4:      layout_loops_ring, serial_shops, shop, nrook_mini_backslash
D:5:      layout_rooms, kiku_gazebo_pond_becter, lightli_temple_of_fire,
          grunt_qazlal_clouds
D:6:      minmay_clustersquares, layout_rooms, lemuel_round_altar,
          lemuel_crystal_altar, temple_pool_b, serial_shops, shop,
          nicolae_ossuary_entry_plus, grunt_ministairs_8
D:7:      layout_cave_pools, tgw_sif, nzn_hepliaklqana_mist_gate,
          serial_column_ruins, column_ruins_circle_medium,
          column_ruins_open_tiny, column_ruins_columns_dead_end,
          column_ruins_columns_straight, column_ruins_grid_2,
          minmay_quadrilaterals
D:8:      layout_rooms, lair_entry_dummy, uniq_erica

Skill      XL: |  1  2  3  4  5  6  7  8  9 |
---------------+----------------------------+-----
Maces & Flails | 3 4 5 7 8 10 11 | 11.5
Throwing       | 1 |  1.3
Fighting       | |  2.6
Dodging        | |  2.7

Action                   |  1- 3 |  4- 6 |  7- 9 || total
-------------------------+-------+-------+-------++-------
Melee: Mace              |   118 |   229 |   265 ||   612
Throw: Large rock        |     3 |     1 |     5 ||     9
Invok: Trog's Hand       |       |     1 |       ||     1
       Berserk           |       |     2 |     5 ||     7
  Use: Scroll            |       |     1 |     6 ||     7
       Potion            |       |       |     3 ||     3
 Stab: Sleeping          |       |       |     1 ||     1
Armor: Animal skin       |    68 |    71 |    61 ||   200
       Robe              |       |       |     6 ||     6
Dodge: Dodged            |    92 |    92 |   121 ||   305
